[Event "V Magistral Marcel Duchamp 2019"]
[Site "Montevideo"]
[Date "2019.02.17"]
[Round "1.5"]
[White "Lujan, Carolina"]
[Black "Gemy, Jose Daniel"]
[Result "0-1"]
[ECO "C50"]
[WhiteElo "2357"]
[BlackElo "2391"]
[Annotator "RC"]
[PlyCount "76"]
[EventDate "2019.02.17"]
[EventType "tourn"]
[EventCountry "URU"]
[SourceTitle "playchess.com"]
[Source "ChessBase"]
[SourceQuality "1"]
[TimeControl "5400+30"]

1. e4 e5 2. Nf3 Nc6 3. Bc4 Bc5 4. O-O Nf6 5. d3 O-O 6. Bb3 d6 7. c3 a6 8. h3 h6 9. Re1 Be6 10. Bc2 d5 11. exd5 Qxd5 12. b4 Ba7 13. Nbd2 Bf5 14. Qe2 Bh7 15. Ne4 Qe6 16. Nc5 Bxc5 17. bxc5 Qd5 18. Qe3 Rad8 19. Rd1 Rfe8 20. Ba3 Qd7 21. Ba4 Nd5 22. Qd2 Nf4 23. d4 Nxh3+ 24. Kh2 Qg4 25. gxh3 Qxf3 26. Rg1 exd4 27. Bxc6 bxc6 28. Rg3 dxc3 29. Qxc3 Qxf2+ 30. Rg2 Qf4+ 31. Kg1 Qe3+ 32. Qxe3 Rxe3 33. Bb2 Bg6 34. h4 Rh3 35. Rg4 h5 36. Rb4 Rd2 37. Re1 Rhh2 38. Re8+ Kh7 0-1

[Event "V Magistral Marcel Duchamp 2019"]
[Site "Montevideo"]
[Date "2019.02.20"]
[Round "5.3"]
[White "Lujan, Carolina"]
[Black "Lima, Darcy"]
[Result "0-1"]
[ECO "B11"]
[WhiteElo "2357"]
[BlackElo "2535"]
[Annotator "RC"]
[PlyCount "144"]
[EventDate "2019.02.17"]
[EventType "tourn"]
[EventCountry "URU"]
[SourceTitle "playchess.com"]
[Source "ChessBase"]
[SourceQuality "1"]
[TimeControl "5400+30"]

1. e4 c6 2. Nc3 d5 3. Nf3 Bg4 4. h3 Bh5 5. exd5 cxd5 6. Bb5+ Nc6 7. g4 Bg6 8. h4 f6 9. d4 e6 10. Qe2 Qd7 11. a3 a6 12. h5 Be4 13. Bxc6 Qxc6 14. Rh3 Bxf3 15. Rxf3 Kd7 16. Bf4 Ne7 17. O-O-O Re8 18. Na2 Qc4 19. Qd2 Nc6 20. Kb1 e5 21. dxe5 fxe5 22. Be3 d4 23. c3 Bc5 24. cxd4 exd4 25. Rc1 Qd5 26. Rf5 Qe4+ 27. Ka1 Bd6 28. Bf4 Rhf8 29. Bxd6 Rxf5 30. gxf5 Kxd6 31. Nb4 Rc8 32. Re1 Qh4 33. f4 Rd8 34. Re6+ Kc7 35. Nxc6 bxc6 36. Qa5+ Kd7 37. Qb4 Kc7 38. Re7+ Rd7 39. Qa5+ Kc8 40. Qxa6+ Kd8 41. Rxd7+ Kxd7 42. Qa7+ Ke8 43. Qxd4 Qxh5 44. Qe5+ Kf8 45. Qd6+ Kf7 46. Qd7+ Kf8 47. a4 Qe8 48. Qd6+ Qe7 49. Qxc6 h5 50. a5 Qe1+ 51. Ka2 Qxa5+ 52. Kb3 Qxf5 53. Qd6+ Kf7 54. Qc7+ Kg6 55. Qd6+ Kh7 56. Ka4 h4 57. b4 h3 58. Qd2 Qe4 59. Ka5 Qa8+ 60. Kb6 Qg2 61. Qd1 Qg6+ 62. Kc7 h2 63. b5 Qf7+ 64. Kc6 Qxf4 65. Qd3+ Kh6 66. Qh3+ Kg5 67. Qg2+ Kh4 68. b6 Qc1+ 69. Kd7 h1=Q 70. Qf2+ Kg5 71. Qg3+ Kf5 72. Qd3+ Qe4 0-1

[Event "V Magistral Marcel Duchamp 2019"]
[Site "Montevideo"]
[Date "2019.02.20"]
[Round "5.4"]
[White "Gemy, Jose Daniel"]
[Black "Hungaski, Robert"]
[Result "0-1"]
[ECO "D25"]
[WhiteElo "2391"]
[BlackElo "2520"]
[Annotator "RC"]
[PlyCount "126"]
[EventDate "2019.02.17"]
[EventType "tourn"]
[EventCountry "URU"]
[SourceTitle "playchess.com"]
[Source "ChessBase"]
[SourceQuality "1"]
[TimeControl "5400+30"]

1. Nf3 d5 2. d4 Nf6 3. c4 dxc4 4. e3 Bg4 5. Bxc4 e6 6. Nbd2 Nbd7 7. O-O Bd6 8. h3 Bh5 9. b3 O-O 10. Bb2 Qe7 11. a3 e5 12. dxe5 Nxe5 13. Be2 Rfd8 14. Nxe5 Bxe2 15. Nc6 Bxd1 16. Nxe7+ Bxe7 17. Rfxd1 Rd3 18. Kf1 Rad8 19. Ke2 R3d7 20. b4 Nd5 21. Nc4 c6 22. g4 f6 23. f4 Kf7 24. Kf3 Nc7 25. Rxd7 Rxd7 26. Na5 Ne6 27. Ke2 Bd8 28. Nb3 Bb6 29. f5 Ng5 30. h4 Ne4 31. Bd4 h5 32. Kf3 Nd6 33. Bxb6 hxg4+ 34. Kxg4 axb6 35. Rd1 Ke7 36. a4 Rd8 37. Rd4 Rc8 38. Rd1 Nc4 39. Kf3 Ra8 40. Ra1 Ne5+ 41. Ke4 Rh8 42. Rh1 Kd6 43. Rd1+ Kc7 44. Rh1 Rh5 45. Nd4 Kd6 46. Ne6 g6 47. Nd4 g5 48. Nf3 Nxf3 49. Kxf3 Rxh4 50. Rd1+ Ke5 51. Rd7 Kxf5 52. b5 Rxa4 53. Rxb7 cxb5 54. Rxb6 Rb4 55. Kg3 Rb3 56. Kf3 g4+ 57. Kf2 Ke5 58. Rb8 b4 59. Re8+ Kf5 60. Rb8 Rb1 61. Kg3 b3 62. Rb5+ Ke4 63. Kxg4 b2 0-1

[Event "V Magistral Marcel Duchamp 2019"]
[Site "Montevideo"]
[Date "2019.02.20"]
[Round "5.5"]
[White "Carbone, Diego"]
[Black "Lopez Azambuja, Nicolas"]
[Result "1/2-1/2"]
[ECO "A40"]
[WhiteElo "2256"]
[BlackElo "2320"]
[Annotator "NA RC"]
[PlyCount "107"]
[EventDate "2019.02.17"]
[EventType "tourn"]
[EventCountry "URU"]
[SourceTitle "playchess.com"]
[Source "ChessBase"]
[SourceQuality "1"]
[TimeControl "5400+30"]

1. d4 Nf6 2. c4 e6 3. g3 Bb4+ 4. Bd2 c5 5. Bxb4 cxb4 6. Bg2 O-O 7. e4 d6 8. Ne2 e5 9. a3 Qb6 10. O-O a5 11. axb4 Qxb4 12. Na3 Bg4 13. f3 Bd7 14. Qd3 Nc6 15. h3 exd4 16. f4 Qc5 17. Rad1 Rfe8 18. Kh2 Qh5 19. Nc2 Bf5 20. g4 Bxg4 21. Ng3 Qh4 22. Rde1 Be6 23. Rf3 Rac8 24. b3 Ng4+ 25. Kg1 Nf6 26. Kh2 g5 27. e5 dxe5 28. fxg5 Nh5 29. Nxh5 Qxh5 30. Rg3 Kh8 31. Bf3 Qh4 32. Be4 Rg8 33. Reg1 Rg7 34. Ne1 Qf4 35. Ng2 Qf2 36. Rf1 Qb2 37. Bxc6 bxc6 38. Qe4 d3 39. Qxd3 Qd4 40. Qe2 e4 41. Rf4 f5 42. gxf6 Rxg3 43. Kxg3 Rg8+ 44. Kh2 Qc3 45. f7 Rf8 46. Qxe4 Qxh3+ 47. Kg1 Rxf7 48. Rxf7 Bxf7 49. Qxc6 Qxb3 50. Qf6+ Kg8 51. Qd8+ Kg7 52. Qg5+ Kf8 53. Qd8+ Kg7 54. Qg5+ 1/2-1/2

[Event "V Magistral Marcel Duchamp 2019"]
[Site "Montevideo"]
[Date "2019.02.22"]
[Round "7.1"]
[White "Larrea, Manuel"]
[Black "Tristan, Leonardo"]
[Result "0-1"]
[ECO "C54"]
[WhiteElo "2269"]
[BlackElo "2493"]
[Annotator "ChessBase"]
[PlyCount "52"]
[EventDate "2019.02.17"]
[EventType "tourn"]
[EventCountry "URU"]
[SourceTitle "playchess.com"]
[Source "ChessBase"]
[SourceQuality "1"]
[TimeControl "5400+30"]

1. e4 e5 2. Nf3 Nc6 3. Bc4 Bc5 4. c3 Nf6 5. d3 d6 6. a4 a5 7. O-O h6 8. Na3 O-O 9. Nc2 Be6 10. Bxe6 fxe6 11. Be3 Bxe3 12. Nxe3 d5 13. Qb3 Qd7 14. Rad1 Kh8 15. exd5 exd5 16. d4 exd4 17. Nxd4 Nxd4 18. Rxd4 c6 19. Rfd1 Qf7 20. Rf4 Qc7 21. Rf3 Ne4 22. Rxf8+ Rxf8 23. f3 Nc5 24. Qa3 Qb6 25. Kf2 Re8 26. b4 Na6 0-1

[Event "V Magistral Marcel Duchamp 2019"]
[Site "Montevideo"]
[Date "2019.02.22"]
[Round "7.2"]
[White "Lujan, Carolina"]
[Black "Hoffman, Alejandro"]
[Result "1/2-1/2"]
[ECO "B72"]
[WhiteElo "2357"]
[BlackElo "2461"]
[Annotator "ChessBase"]
[PlyCount "84"]
[EventDate "2019.02.17"]
[EventType "tourn"]
[EventCountry "URU"]
[SourceTitle "playchess.com"]
[Source "ChessBase"]
[SourceQuality "1"]
[TimeControl "5400+30"]

1. e4 c5 2. Nf3 d6 3. d4 cxd4 4. Nxd4 Nf6 5. Nc3 g6 6. Be2 Bg7 7. Be3 O-O 8. Qd2 Nc6 9. O-O-O Nxd4 10. Bxd4 Be6 11. h4 Qa5 12. Qg5 Qxg5+ 13. hxg5 Nd7 14. f4 Bxd4 15. Rxd4 f6 16. gxf6 Rxf6 17. g3 g5 18. Bc4 gxf4 19. Bxe6+ Rxe6 20. gxf4 Rf8 21. Nd5 Nf6 22. Nxf6+ Rfxf6 23. f5 Re5 24. Rh4 Kg7 25. Rg4+ Kf7 26. Rh4 h6 27. c4 Rc5 28. b3 Rc8 29. Rd2 b5 30. Rc2 Rc5 31. Kb2 a5 32. Kc3 bxc4 33. bxc4 e6 34. Rf2 exf5 35. Rxf5 Rfxf5 36. exf5 d5 37. Rxh6 Rxc4+ 38. Kd3 Ra4 39. Rd6 Ra3+ 40. Kd4 Rxa2 41. Rxd5 Rd2+ 42. Kc4 Rxd5 1/2-1/2

[Event "V Magistral Marcel Duchamp 2019"]
[Site "Montevideo"]
[Date "2019.02.23"]
[Round "8.1"]
[White "Tristan, Leonardo"]
[Black "Hungaski, Robert"]
[Result "1/2-1/2"]
[ECO "A80"]
[WhiteElo "2493"]
[BlackElo "2520"]
[Annotator "ChessBase"]
[PlyCount "25"]
[EventDate "2019.02.17"]
[EventType "tourn"]
[EventCountry "URU"]
[SourceTitle "playchess.com"]
[Source "ChessBase"]
[SourceQuality "1"]
[TimeControl "5400+30"]

1. d4 f5 2. Nc3 Nf6 3. Bg5 d5 4. Bxf6 exf6 5. e3 c6 6. Bd3 Qb6 7. Rb1 Qc7 8. Qf3 g6 9. Nge2 Bd6 10. h4 h5 11. Nf4 Bxf4 12. Qxf4 Qxf4 13. exf4 1/2-1/2

[Event "V Magistral Marcel Duchamp 2019"]
[Site "Montevideo"]
[Date "2019.02.23"]
[Round "8.4"]
[White "Hoffman, Alejandro"]
[Black "Gemy, Jose Daniel"]
[Result "1-0"]
[ECO "E18"]
[WhiteElo "2461"]
[BlackElo "2391"]
[Annotator "RC"]
[PlyCount "71"]
[EventDate "2019.02.17"]
[EventType "tourn"]
[EventCountry "URU"]
[SourceTitle "playchess.com"]
[Source "ChessBase"]
[SourceQuality "1"]
[TimeControl "5400+30"]

1. d4 Nf6 2. c4 e6 3. Nf3 b6 4. g3 Bb7 5. Bg2 Be7 6. O-O O-O 7. Nc3 Ne4 8. Bd2 d5 9. cxd5 exd5 10. Rc1 Na6 11. Ne5 Nxc3 12. Bxc3 c5 13. e3 f6 14. Nd3 c4 15. Nf4 Nc7 16. b3 g5 17. Nh5 cxb3 18. Qxb3 Ba6 19. Rfe1 Bc4 20. Qb1 Nb5 21. e4 Ba3 22. Bb2 Bb4 23. e5 Bxe1 24. Rxe1 Qe8 25. Nxf6+ Rxf6 26. exf6 Qg6 27. Qxg6+ hxg6 28. Re7 Rf8 29. a4 Nd6 30. Rg7+ Kh8 31. Rxg6 Re8 32. h4 gxh4 33. Ba3 hxg3 34. fxg3 Nf7 35. Rg7 Re3 36. Be7 1-0